 Dungeon Crawl Stone Soup version 0.30-a0-1082-g70414cbcbb (webtiles) character file.

Game seed: 7387803987500150772

12199 ryw the Basher (level 11, -3/89 HPs)
             Began as a Mummy Fighter on Apr 16, 2023.
             Was a High Priest of Okawaru.
             Killed from afar by an electric eel (14 damage)
             ... with a bolt of electricity
             ... on level 1 of the Lair of Beasts.
             The game lasted 00:25:13 (12411 turns).

ryw the Basher (Mummy Fighter)                     Turns: 12411, Time: 00:25:14

Health: -3/89      AC: 22    Str: 25    XL:     11   Next: 59%
Magic:  13/13      EV:  7    Int:  7    God:    Okawaru [*****.]
Gold:   464        SH:  4    Dex:  8    Spells: 10/10 levels left

rFire   . . .      SeeInvis +    a - +0 flail (drain)
rCold   + + +      Faith    +    C - +0 buckler of the Sun {rC+++ Dex-3 Slay+3 Stlth+}
rNeg    + + +      Spirit   .    o - +0 plate armour
rPois   ∞          Reflect  .    d - +2 helmet
rElec   .          Rampage  ∞    (no cloak)
rCorr   .                        f - +0 pair of gloves
Will    +....                    g - +3 pair of seven-league boots {Rampage+∞} Stlth
                                 i - amulet of magic regeneration
HPRegen 0.34/turn                n - ring of see invisible
MPRegen 0.53/turn                c - ring of protection from fire

@: no status effects
A: cold resistance 1, negative energy resistance 3, torment resistance 2, heat
vulnerability 1, in touch with death 1, no potions, faith
a: Renounce Religion, Heroism, Finesse, Duel


You were on level 1 of the Lair of Beasts.
You worshipped Okawaru.
Okawaru was extremely pleased with you.
You visited 2 branches of the dungeon, and saw 12 of its levels.

You collected 748 gold pieces.
You spent 284 gold pieces at shops.

Inventory:

Hand Weapons
 a - a +0 flail of draining (weapon)
Missiles
 k - 23 poisoned darts (quivered)
 t - 11 boomerangs
 v - a throwing net
 w - a silver javelin
Armour
 d - a +2 helmet (worn)
 f - a +0 pair of gloves (worn)
 g - the +3 pair of seven-league boots (worn) {Rampage+∞}
   (You acquired it on level 4 of the Dungeon)

   Rampage+∞: When moving toward enemies, its wearer moves as far as possible.
 o - a +0 plate armour (worn)
 C - the +0 buckler of the Sun (worn) {rC+++ Dex-3 Slay+3 Stlth+}
   (You found it on level 11 of the Dungeon)

   Dex:       It affects your dexterity (-3).
   Slay:      It affects your accuracy & damage with ranged weapons and melee
   (+3).
   rC:        It renders you almost immune to cold.
   Stlth:     It makes you more stealthy.
Jewellery
 c - a ring of protection from fire (right hand)
 i - an amulet of magic regeneration (around neck)
 n - a ring of see invisible (left hand)
Wands
 h - a wand of quicksilver (10)
 y - a wand of flame (5)
 z - a wand of iceblast (2)
 B - a wand of mindburst (5)
Scrolls
 b - a scroll of magic mapping
 e - 4 scrolls of blinking
 j - a scroll of amnesia
 l - a scroll of fog
 m - 2 scrolls of brand weapon
 p - a scroll of fear
 q - 4 scrolls of teleportation
 r - a scroll of enchant weapon
 s - a scroll of torment
 u - 2 scrolls of poison
 x - 3 scrolls of vulnerability
 A - 3 scrolls of identify


   Skills:
 + Level 9.3 Fighting
 * Level 10.6 Maces & Flails
 + Level 3.0 Throwing
 + Level 7.8 Armour
 + Level 4.1 Shields
 - Level 3.0 Invocations


You had 10 spell levels left.
You didn't know any spells.
Your spell library contained the following spells:

 Spells                   Type           Power      Damage    Failure   Level
 Apportation              Tloc           0%         N/A       100%        1
 Freeze                   Ice            0%         1d3       100%        1
 Frozen Ramparts          Ice            0%         1d1       100%        3
 Hailstorm                Conj/Ice       0%         3d3       100%        3
 Volatile Blastmotes      Fire/Tloc      0%         2d10      100%        3
 Fulminant Prism          Conj/Hex       0%         3d5       100%        4
 Iskenderun's Mystic Bla  Conj/Tloc      0%         2d3       100%        4
 Passage of Golubria      Tloc           0%         N/A       100%        4
 Alistair's Intoxication  Tmut/Pois      0%         N/A       100%        5
 Lee's Rapid Deconstruct  Erth           0%         3d4*      100%        5
 Yara's Violent Unravell  Hex/Tmut       0%         3d3       100%        5
 Tukima's Dance           Hex            Unusable   N/A       N/A         3

Dungeon Overview and Level Annotations

Branches:
Dungeon (11/15)            Temple (0/1) D:4            Lair (1/5) D:9
    Orc (0/2) D:10

Altars:
Cheibriados
Dithmenos
Fedhas
Nemelex Xobeh
Okawaru
Sif Muna
Trog
Vehumet
Yredelemnul

Shops:
D:5 ((::?   D:6 *   D:10 !

Annotations:
D:10 Lodul
D:11 2 transporters, Heh's ghost, journeyman OpHW


Innate Abilities, Weirdness & Mutations

You are immune to poison.
Your flesh is cold resistant. (rC+)
You are immune to negative energy. (rN+++)
You are immune to unholy pain and torment.
You are vulnerable to heat. (rF-)
You are in touch with the powers of death.
You do not drink.
You have a special connection with the divine. (Faith)


Message History

You barely miss the yak.
The yak is almost dead.
You hit the yak.
The yak is almost dead.
The yak gores you but does no damage. x2
You closely miss the yak.
The yak is almost dead.
The yak gores you but does no damage. x2
You hit the yak but do no damage.
The yak is almost dead.
The yak gores you but does no damage. The yak closely misses you.
You thump the yak!
You kill the yak!
Okawaru accepts your kill. The yak gores you!
* * * LOW HITPOINT WARNING * * *
Throw: 23 darts (poison)
Press: ? - help, Q - select action, (/) - cycle Shift-Dir - straight line, f - yak
Aim: a yak (74% to hit)
Okay, then.
Unknown command.
As you read the scroll of teleportation, it crumbles to dust.
You feel strangely unstable. The yak gores you but does no damage.
The yak closely misses you.
You hit the yak. You drain the yak.
The yak is lightly wounded.
The yak gores you but does no damage. The yak gores you.
* * * LOW HITPOINT WARNING * * *
You hit the yak.
The yak is moderately wounded.
The yak barely misses you. You block the yak's attack.
You hit the yak.
The yak is moderately wounded.
The yak barely misses you. The yak gores you but does no damage.
You hit the yak but do no damage. You drain the yak.
The yak is heavily wounded.
Your surroundings suddenly seem different.
The electric eel shoots out a bolt of lightning at you!
The bolt of electricity hits you!
You die...

♣.~~~.~~.~..~...~..#
# .~~.~.~.~.~.~..~♣##
.#. ~.~~~..~~...~.♣#
...♣ .~~.~~..~..~.♣
....♣~..~~.~..~~YY#
.....♣~~~~.~....♣.#
......♣♣..~.S~♣♣♣.###
##P.......♣......Y.#
#.....@..........Y##
♣.................#
.~~P...............#
~.~..........#######
~~.~......)..#
≈.~PP........#
~~.♣.........#
P~~..#########


You could see an electric eel.

Vanquished Creatures
  2 two-headed ogres
  Maurice (D:10)
  A cane toad (Lair:1)
  Maggie (D:8)
  2 unseen horrors (D:11)
  4 trolls
  A queen bee (D:9)
  15 yaks
  2 shadows
  A wraith (D:9)
  2 wyverns (D:9)
  4 vampire mosquitoes (D:11)
  An acid dragon (D:8)
  3 water moccasins
  An ice beast (D:8)
  3 orc warriors
  2 black bears
  3 ogres
  5 centaurs
  2 kobold brigands (D:10)
  4 phantoms
  5 bullfrogs
  A scorpion (D:4)
  29 killer bees
  2 electric eels (Lair:1)
  3 howler monkeys (D:11)
  2 jellies
  2 gnoll boudas
  7 orc priests
  2 hounds
  3 iguanas
  Terence (D:2)
  11 orc wizards
  6 ogre zombies (D:10)
  9 adders
  15 gnolls
  A shadow imp (D:8)
  2 white imps
  2 worms
  3 dart slugs
  25 orcs
  6 ball pythons
  9 bats
  5 endoplasms
  9 giant cockroaches
  6 goblins
  3 hobgoblins
  6 jackals
  3 quokkas (D:2)
  A frilled lizard (D:3)
  3 goblin skeletons (D:10)
  3 goblin zombies (D:10)
  A hobgoblin skeleton (D:10)
  3 hobgoblin zombies (D:10)
  18 kobolds
  3 orc skeletons (D:10)
  6 orc zombies (D:10)
  6 rats
282 creatures vanquished.

Vanquished Creatures (others)
  3 plants (Lair:1)
3 creatures vanquished.

Grand Total: 285 creatures vanquished

Notes
Turn   | Place    | Note
-------+----------+-------------------------------------------
     0 | D:1      | ryw the Mummy Fighter began the quest for the Orb.
     0 | D:1      | Reached XP level 1. HP: 18/18 MP: 1/1
    56 | D:1      | You fall into a shaft and drop 1 floor!
    79 | D:2      | Reached skill level 2 in Maces & Flails
    79 | D:2      | Reached XP level 2. HP: 24/24 MP: 2/2
   380 | D:1      | Gained mutation: You are in touch with the powers of death.
                  | [Mummy growth]
   380 | D:1      | Reached XP level 3. HP: 27/29 MP: 3/3
  1138 | D:2      | Reached XP level 4. HP: 35/35 MP: 4/4
  1644 | D:2      | Reached skill level 3 in Maces & Flails
  1756 | D:2      | Noticed Terence
  1895 | D:3      | Reached XP level 5. HP: 36/42 MP: 5/5
  2018 | D:3      | Found an iron altar of Okawaru.
  2018 | D:3      | Found a blossoming altar of Fedhas.
  2022 | D:3      | Became a worshipper of Warmaster Okawaru
  2272 | D:3      | Found a snail-covered altar of Cheibriados.
  2718 | D:4      | Found a staircase to the Ecumenical Temple.
  2865 | D:4      | Noticed a phantom
  3005 | D:4      | Killed a phantom
  3041 | D:4      | Reached XP level 6. HP: 46/48 MP: 6/6
  3259 | D:4      | Found a basalt altar of Yredelemnul.
  3288 | D:4      | Reached skill level 4 in Maces & Flails
  3547 | D:3      | Reached * piety under Okawaru
  3813 | D:4      | Identified a scroll of acquirement
  3814 | D:4      | Acquired the +3 pair of seven-league boots {Rampage+∞}
  3814 | D:4      | Found the +3 pair of seven-league boots {Rampage+∞}
  4771 | D:2      | Killed Terence
  4843 | D:5      | Entered Level 5 of the Dungeon
  4855 | D:5      | Found Gotaefune's Antique Weapon Shop.
  4872 | D:5      | Bought a glowing flail for 214 gold pieces
  4876 | D:5      | Found a shadowy altar of Dithmenos.
  4914 | D:5      | Found a shimmering blue altar of Sif Muna.
  4935 | D:5      | Reached XP level 7. HP: 51/55 MP: 7/7
  5004 | D:5      | Reached skill level 1 in Invocations
  5195 | D:5      | Found Oquginik's Book Shoppe.
  5266 | D:5      | Found Ogyrowiufa's Book Emporium.
  5467 | D:5      | Found Ziephir's Magic Scroll Boutique.
  5470 | D:5      | Bought a scroll of fear for 40 gold pieces
  5470 | D:5      | Bought a scroll of teleportation for 30 gold pieces
  5535 | D:5      | Reached skill level 5 in Fighting
  5562 | D:5      | Found Saewon's Antique Weapon Shoppe.
  5685 | D:5      | Reached skill level 5 in Maces & Flails
  5936 | D:6      | Found Ponoola's Serpentskin Sales.
  5955 | D:5      | Reached ** piety under Okawaru
  6085 | D:6      | Reached XP level 8. HP: 62/62 MP: 9/9
  6522 | D:6      | Reached skill level 6 in Maces & Flails
  6525 | D:6      | Reached *** piety under Okawaru
  6526 | D:6      | Reached skill level 5 in Armour
  7044 | D:7      | Reached XP level 9. HP: 65/70 MP: 11/11
  7141 | D:7      | Reached skill level 7 in Maces & Flails
  7503 | D:7      | Identified the +8 spear "Mihiad" {heavy, Will+ Str+2}
  7809 | D:8      | Noticed a two-headed ogre
  7829 | D:8      | Killed a two-headed ogre
  7829 | D:8      | Reached **** piety under Okawaru
  7830 | D:8      | Reached skill level 8 in Maces & Flails
  8083 | D:8      | Noticed Maggie
  8093 | D:8      | Killed Maggie
  8094 | D:8      | Reached XP level 10. HP: 72/80 MP: 12/12
  8270 | D:8      | Found a sparkling altar of Nemelex Xobeh.
  8621 | D:9      | Reached skill level 9 in Maces & Flails
  9128 | D:9      | Found a staircase to the Lair.
  9244 | D:9      | Reached ***** piety under Okawaru
  9248 | D:9      | Received a gift from Okawaru
  9331 | D:9      | Found a bloodstained altar of Trog.
  9746 | D:10     | Entered Level 10 of the Dungeon
  9746 | D:10     | Found Pavuriaru's Distillery.
  9789 | D:10     | Reached skill level 1 in Throwing
 10032 | D:10     | Noticed Maurice
 10043 | D:10     | Killed Maurice
 10097 | D:10     | Noticed Lodul
 10107 | D:10     | Found a radiant altar of Vehumet.
 10514 | D:10     | Found a staircase to the Orcish Mines.
 10624 | D:10     | Received a gift from Okawaru
 10718 | D:10     | Reached XP level 11. HP: 87/87 MP: 13/13
 10784 | D:10     | Noticed a two-headed ogre
 10838 | D:9      | Killed a two-headed ogre
 10839 | D:9      | Reached skill level 10 in Maces & Flails
 10960 | D:10     | Identified the +9 plate armour "Veanuaxt" {-Tele Fly rPois
                  | rF++}
 11014 | D:10     | Identified the +5 great mace of Transparent True Grit
                  | {antimagic, Fly rF- rC+} (Okawaru gifted it to you on level
                  | 10 of the Dungeon)
 11014 | D:10     | Received a gift from Okawaru
 11087 | D:10     | Identified the +5 chain mail of Wasted Space {Str+4}
 11666 | D:11     | Identified the +0 buckler of the Sun {rC+++ Dex-3 Slay+3
                  | Stlth+}
 11832 | D:11     | Found a transporter.
 11833 | D:11     | Noticed Heh's ghost (journeyman OpHW)
 11850 | D:11     | Found a transporter.
 12138 | Lair:1   | Entered Level 1 of the Lair of Beasts
 12411 | Lair:1   | Killed from afar by an electric eel

Illustrated notes

Levels and vault maps discovered:
D:1:      giann_horns, layout_basic, columned_hall_lemuel, minmay_cupped
D:2:      wad_crossroads, layout_basic, uniq_terence
D:3:      layout_rooms, slow_altar_2, gammafunk_temple_overflow_wave
D:4:      layout_cave_pods, general_overflow_altar, minmay_temple_entry_mist
D:5:      layout_basic, mainiacjoe_overflow_surrounded_room,
          nicolae_dithmenos_the_darkroom, gup_sewer_entry_glass, serial_shops,
          nicolae_book_shop_shelving, shop, nicolae_shop_hallway_stairs,
          kennysheep_mini, shop, nicolae_figureground_sparkle
D:6:      layout_rooms, guppyfry_shop_venom
D:7:      layout_basic
D:8:      layout_basic, nemelex_spade_bored_becter, uniq_maggie
D:9:      layout_roguey [special_room_bee], trog_three_pillars_becter,
          lair_entry_dummy
D:10:     layout_irregular_city, lemuel_doored_altar, zombieorc1_lemuel,
          serial_shops, nicolae_shop_statue_plus,
          hangedman_abyss_or_decor_stabs, abandoned_shop, uniq_lodul,
          uniq_maurice
D:11:     layout_rooms, gammafunk_ghost_berserking_beasts
Lair:1:   layout_cellular_growth, serial_bayou, serial_bayou_ford_a,
          serial_bayou_shore_b, serial_bayou_shore_b, serial_bayou_lagoon_a,
          serial_bayou_pond_a, serial_bayou_pond_b, basic_altar,
          nicolae_quartered_pool_super, chequers_serial_rivers_marsh,
          grunt_megastairs_3

Skill      XL: |  1  2  3  4  5  6  7  8  9 10 11 |
---------------+----------------------------------+-----
Maces & Flails | 2 3 4 5 6 8 9 10 | 10.6
Armour         | 3 4 5 6 7 |  7.8
Fighting       | 4 5 6 7 8 9 |  9.3
Invocations    | 2 3 |  3.0
Throwing       | 1 3 |  3.0
Shields        | 3 4 |  4.1

Action                     |  1- 3 |  4- 6 |  7- 9 | 10-12 || total
---------------------------+-------+-------+-------+-------++-------
  Melee: Flail             |   109 |   176 |   328 |   626 ||  1239
 Invoke: Heroism           |       |     1 |     7 |    13 ||    21
    Use: Scroll            |       |    10 |     3 |     7 ||    20
 Armour: Scale mail        |    55 |   112 |   127 |       ||   294
         Plate armour      |       |       |    48 |   343 ||   391
  Dodge: Dodged            |    58 |    83 |   145 |   171 ||   457
  Block: Buckler           |    24 |    28 |    90 |   170 ||   312

Table legend: (Time is in decaauts)
 A = Elapsed time spent in this place.
 B = Non-inter-level travel time spent in this place.
 C = Inter-level travel time spent in this place.
 D = Time resting spent in this place.
 E = Time spent auto-exploring this place.
 F = Levels seen in this place.
 G = Mean time per level.
                   A        B        C        D        E       F      G
               +--------+--------+--------+--------+--------+-----+--------+
         Total |  12481 |  11231 |   1250 |   1877 |   6636 |  12 | 1040.1 |
       Dungeon |  12215 |  10966 |   1249 |   1847 |   6488 |  11 | 1110.5 |
          Lair |    266 |    266 |      0 |     30 |    147 |   1 |  266.0 |
               +--------+--------+--------+--------+--------+-----+--------+

Top non-repeatable levels by time:
     D:2: 1785 daAuts
    D:10: 1676 daAuts
     D:3: 1359 daAuts
     D:4: 1100 daAuts
     D:5: 1086 daAuts
     D:9: 1076 daAuts
     D:8: 1039 daAuts
     D:7: 948 daAuts
     D:1: 795 daAuts
     D:6: 757 daAuts
    D:11: 590 daAuts
  Lair:1: 266 daAuts
